Map: Submarine LE

Players

Future - Winner!

  • Race: Terran Terran
  • Spawn Location: 11:00

CalebAracous

  • Race: Zerg Zerg
  • Spawn Location: 5:00

Event: The Miserable Cup

VOD

Have the link to the VOD?

Description

Time

  • Played on: June 20, 2020, noon
  • Length: 9:49

All games in this series

Show
View Real Time Build Order
Export as new Build Order

Future Terran - Winner!

Build Orders: Reaper Expand 

Get SALT Encoding   

  12  0:00  SCV  
  13  0:13  SCV  
  14  0:17  Supply Depot  
  14  0:25  SCV  
  15  0:39  SCV  
  15  0:41  Barracks  
  16  0:43  Refinery  
  16  0:51  SCV  
  17  1:03  SCV  
  18  1:15  SCV  
  19  1:28  Reaper, Orbital Command  
  20  1:40  Command Center  
  20  1:48  Supply Depot  
  20  1:53  SCV  
  21  2:00  Marine  
  22  2:04  Factory  
  22  2:07  SCV  
  23  2:10  Refinery  
  23  2:19  SCV  
  23  2:20  Barracks Reactor  
  24  2:31  SCV  
  25  2:43  SCV  
  26  2:52  Orbital Command, Starport  
  26  2:55  SCV  
  27  2:59  Hellion  
  27  3:00  Hellion  
  27  3:02  Barracks Tech Lab  
  31  3:07  SCV  
  31  3:11  Supply Depot  
  32  3:18  SCV  
  32  3:19  SCV  
  34  3:21  Hellion x2  
  38  3:28  Viking  
  38  3:30  SCV  
  38  3:32  SCV  
  42  3:41  Marine, Stimpack  
  43  3:42  SCV  
  43  3:44  SCV  
  45  3:54  SCV  
  46  3:56  SCV  
  46  3:59  Command Center  
  47  4:06  SCV  
  47  4:07  Factory Reactor  
  47  4:08  SCV  
  49  4:12  Barracks  
  49  4:16  Barracks  
  49  4:18  SCV  
  49  4:20  SCV  
  49  4:22  Starport Tech Lab  
  49  4:23  Supply Depot  
  51  4:30  SCV  
  52  4:32  SCV, Engineering Bay  
  52  4:33  Engineering Bay  
  51  4:42  SCV  
  51  4:44  SCV  
  53  4:47  Supply Depot  
  53  4:48  Refinery x2  
  53  4:50  Starport Reactor  
  53  4:51  Marine, Siege Tank  
  57  4:55  SCV  
  57  4:56  SCV  
  59  5:01  Terran Infantry Armor Level 1, Terran Infantry Weapons Level 1  
  59  5:05  Marine  
  59  5:07  SCV  
  61  5:08  SCV  
  61  5:10  Orbital Command  
  62  5:15  Marine  
  62  5:19  Marine x3, SCV  
  62  5:20  SCV  
  68  5:29  Siege Tank  
  68  5:31  SCV  
  68  5:32  Medivac x2  
  68  5:33  SCV  
  68  5:34  Marine x2  
  79  5:38  Marine x2, Orbital Command  
  79  5:39  Marine  
  82  5:43  Supply Depot  
  82  5:44  Supply Depot  
  82  5:46  SCV x2  
  82  5:48  Combat Shield  
  84  5:55  Supply Depot  
  84  5:58  SCV  
  85  6:04  Marine x5, SCV  
  85  6:05  Armory  
  85  6:09  SCV  
  85  6:10  SCV  
  93  6:17  Siege Tank  
  96  6:19  SCV  
  96  6:21  SCV  
  96  6:22  Marine x4  
  96  6:23  SCV  
  101  6:28  Supply Depot  
  101  6:30  Supply Depot  
  101  6:31  SCV, Supply Depot  
  102  6:33  SCV  
  102  6:35  SCV  
  102  6:36  Medivac x2  
  102  6:38  Marine  
  109  6:46  Marine, Barracks, SCV  
  109  6:47  Marine  
  109  6:48  Barracks  
  109  6:50  Siege Tank  
  110  6:55  SCV  
  111  7:03  Missile Turret  
  111  7:04  Missile Turret  
  111  7:06  SCV x2  
  111  7:07  SCV, Terran Infantry Armor Level 2  
  111  7:08  Terran Infantry Weapons Level 2  
  107  7:09  Marine x2  
  107  7:10  Marine  
  107  7:11  Marine  
  111  7:16  Refinery, Marine  
  111  7:17  Refinery  
  111  7:20  SCV x2  
  111  7:21  SCV  
  115  7:26  Supply Depot x2  
  115  7:27  Marine  
  116  7:32  Marine x2  
  116  7:36  Marine  
  116  7:39  Barracks Tech Lab x2  
  116  7:40  Siege Tank  
  119  7:45  Marine  
  119  7:46  Marine  
  119  7:49  Command Center  
  121  7:51  Marine  
  121  7:52  Marine  
  121  7:57  Marine x3  
  110  8:03  Marine x2  
  100  8:09  Marine  
  100  8:10  Marine  
  100  8:12  Siege Tank  
  96  8:14  Marine  
  96  8:15  Marine  
  96  8:18  SCV x2  
  96  8:19  Marine, SCV  
  101  8:30  Marine, Marauder, SCV  
  101  8:31  Marine x2  
  101  8:33  Marauder, Concussive Shells  
  110  8:34  Medivac x2  
  110  8:37  Marauder  
  110  8:40  SCV  
  116  8:41  Marine  
  116  8:45  Siege Tank  
  120  8:48  Marine x2  
  120  8:49  Marine  
  120  8:51  Marauder  
  120  8:55  Marauder  
  127  8:56  Factory, SCV x2  
  127  8:57  SCV  
  127  8:59  Marine, Marauder  
  133  9:13  Marine x3, Marauder  
  133  9:16  Marauder  
  139  9:17  Siege Tank  
  139  9:19  SCV  
  139  9:20  Marauder, SCV x2  
  145  9:25  Marine  
  145  9:31  Marine x3  
Show
View Real Time Build Order
Export as new Build Order

CalebAracous Zerg 

Build Orders: Hatch First 

Get SALT Encoding   

  12  0:00  Drone  
  13  0:12  Overlord  
  13  0:16  Drone  
  14  0:32  Drone x2  
  16  0:47  Hatchery  
  15  0:51  Drone  
  15  0:55  Drone  
  17  0:58  Drone  
  18  1:08  Extractor  
  17  1:13  Spawning Pool  
  17  1:17  Drone  
  17  1:21  Drone  
  18  1:29  Drone  
  19  1:45  Drone  
  20  1:52  Drone  
  21  2:00  Queen x2  
  25  2:01  Zergling x4  
  27  2:14  Hatchery  
  26  2:19  Overlord  
  26  2:22  Drone  
  27  2:37  Queen, Metabolic Boost  
  27  2:39  Drone  
  30  2:46  Drone  
  30  2:47  Overlord  
  31  2:54  Drone x2  
  33  3:05  Drone x3  
  36  3:09  Drone x2  
  38  3:17  Queen  
  40  3:22  Overlord, Drone x2  
  42  3:29  Zergling x4  
  42  3:31  Queen  
  42  3:33  Drone  
  47  3:44  Drone x5  
  52  3:59  Overlord  
  52  4:03  Overlord  
  52  4:18  Drone x6  
  52  4:19  Spore Crawler  
  52  4:22  Overlord, Drone, Spore Crawler  
  52  4:23  Drone x4  
  52  4:24  Queen  
  61  4:28  Drone  
  61  4:29  Drone x2  
  66  4:42  Overlord x2  
  66  4:44  Lair  
  66  4:46  Extractor  
  66  4:47  Extractor  
  66  4:48  Roach Warren  
  66  4:50  Zergling x4  
  66  4:51  Drone  
  66  4:54  Overlord x2  
  66  4:56  Extractor  
  66  4:57  Extractor  
  64  5:00  Drone  
  64  5:01  Drone x4  
  70  5:12  Evolution Chamber  
  70  5:13  Evolution Chamber, Drone  
  70  5:14  Drone x4  
  73  5:19  Drone x6  
  79  5:29  Drone x3  
  79  5:30  Extractor  
  81  5:36  Extractor  
  81  5:37  Overlord  
  80  5:43  Glial Reconstitution  
  80  5:45  Drone x3  
  80  5:47  Drone  
  84  5:51  Roach  
  84  5:52  Roach x2  
  84  5:54  Hatchery  
  84  5:56  Overlord  
  89  6:03  Drone, Roach  
  89  6:04  Roach x4  
  98  6:19  Roach x4  
  98  6:20  Roach x3  
  108  6:27  Overlord  
  108  6:34  Overlord x4  
  106  6:44  Overlord x2  
  105  6:51  Ravager x4  
  105  6:52  Roach x7  
  123  7:05  Roach x12  
  123  7:08  Ravager x6  
  153  7:14  Overlord  
  153  7:17  Roach x2  
  157  7:31  Roach x2  
  157  7:32  Overlord x3  
  157  7:39  Ravager x4  
  157  7:40  Ravager, Zergling x16  
  170  7:47  Overlord x2  
  130  8:05  Roach x7  
  110  8:13  Roach x3  
  110  8:17  Roach x6  
  111  8:23  Roach x2  
  113  8:33  Queen x3  
  119  8:39  Overlord  
  119  8:41  Roach x5  
  129  8:42  Ravager x5  
  134  8:51  Roach x5  
  144  8:59  Zergling x14  
  151  9:03  Zergling x4  
  151  9:05  Ravager x3  
  156  9:10  Ravager  
  157  9:19  Zergling x16  
  157  9:22  Ravager x2  
  167  9:24  Ravager  
  167  9:25  Zergling x8  
Tags
 
Add a new tag
Caveats
  • Supply blocks, unpowered buildings, or Contaminate may cause inaccurate times.
  • Supply counts are checked every 10 seconds.